 Dungeon Crawl Stone Soup version 0.28-a0-724-g66f9036eb4 (webtiles) character file.

Game seed: 2800060008055896663

30 KoroneIsBestGirl the Ducker (level 3, -4/19 HPs)
             Began as a Spriggan Fighter on Oct 27, 2021.
             Killed from afar by Sigmund (12 damage)
             ... with a magic dart
             ... on level 2 of the Dungeon.
             The game lasted 00:01:21 (1432 turns).

KoroneIsBestGirl the Ducker (Spriggan Fighter)      Turns: 1432, Time: 00:01:22

Health: -4/19      AC:  9    Str: 12    XL:     3   Next: 3%
Magic:  4/4        EV: 18    Int:  9    God:
Gold:   36         SH:  6    Dex: 15    Spells: 2/2 levels left

rFire   . . .      SeeInvis +   i - +0 dagger (protect)
rCold   . . .      Faith    .   c - +0 buckler
rNeg    . . .      Spirit   .   b - +0 robe
rPois   .          Reflect  .   (helmet restricted)
rElec   .          Harm     .   (no cloak)
rCorr   .          Rampage  .   (gloves unavailable)
Will    .....                   (boots unavailable)
Stlth   ++........              (no amulet)
HPRegen 0.06/turn               (no ring)
MPRegen 0.09/turn               (no ring)

@: under a protective aura, very quick
A: very small, no large weapons, unfitting armour, see invisible, speed 3
a: no special abilities


You were on level 2 of the Dungeon.
You visited 1 branch of the dungeon, and saw 2 of its levels.

You collected 36 gold pieces.

Inventory:

Hand Weapons
 a - a +0 rapier
 i - a +0 dagger of protection (weapon)
Armour
 b - a +0 robe (worn)
 c - a +0 buckler (worn)
Scrolls
 e - a scroll of teleportation {unknown}
 g - a scroll of enchant armour {unknown}
 h - 3 scrolls of enchant weapon {unknown}
Potions
 d - a potion of might
 f - a potion of berserk rage {unknown}


   Skills:
 + Level 2.6 Fighting
 + Level 2.5 Short Blades
 + Level 4.3 Dodging
 * Level 2.4 Stealth
 + Level 2.3 Shields


You had 2 spell levels left.
You didn't know any spells.
Your spell library was empty.

Dungeon Overview and Level Annotations

Branches:
Dungeon (2/15)

Altars:

Shops:
D:1 *(

Annotations:
D:2 Sigmund


Innate Abilities, Weirdness & Mutations

You are very small and have problems with some larger weapons.
You are too small for most types of armour.
You have supernaturally acute eyesight. (SInv)
You cover ground extremely quickly. (Speed+++)


Message History

You hit the goblin.
You kill the goblin!
No target in view!
No target in view!
Things that are here:
a +0 dagger; a goblin corpse Done exploring.
Done exploring.
Done exploring.
Done exploring.
There is a stone staircase leading down here.
You climb downwards.
Found 16 stones.
There is a stone staircase leading up here.
The helpless Sigmund fails to defend himself.
You puncture Sigmund!
Your weapon exudes an aura of protection.
Sigmund is heavily wounded.
You hit Sigmund.
Sigmund is severely wounded.
Sigmund misses you.
You hit Sigmund.
Sigmund is severely wounded.
Sigmund hits you with a +0 scythe.
You hit Sigmund but do no damage.
Sigmund is severely wounded.
You closely miss Sigmund.
Sigmund is severely wounded.
Sigmund gestures at you while chanting. The magic dart hits you.
You are too injured to fight recklessly!
You are too injured to fight recklessly!
You are too injured to fight recklessly!
You hit Sigmund.
Sigmund is severely wounded.
The hobgoblin shouts!
Sigmund casts a spell at you. The magic dart hits you!
Ouch! That really hurt!
You die...

.. ..#.#
..##..#.#
##.g.....#
........#
#.......
##.....
#..#..@.#
#..(@#
#..#........
#..
#.####.#.
... ..# ...
### .. .


You could see Sigmund and a hobgoblin.

Vanquished Creatures
  2 endoplasms (D:1)
  A giant cockroach (D:1)
  4 goblins (D:1)
  4 hobgoblins (D:1)
  3 jackals (D:1)
  3 kobolds (D:1)
  2 quokkas (D:1)
  2 ball pythons (D:1)
  3 bats (D:1)
  A rat (D:1)
25 creatures vanquished.

Notes
Turn   | Place    | Note
-------+----------+-------------------------------------------
     0 | D:1      | KoroneIsBestGirl the Spriggan Fighter began the quest for
                  | the Orb.
     0 | D:1      | Reached XP level 1. HP: 11/11 MP: 2/2
   101 | D:1      | Reached skill level 1 in Stealth
   245 | D:1      | Found a faded altar of an unknown god.
   300 | D:1      | Reached XP level 2. HP: 14/16 MP: 3/3
   495 | D:1      | Found Jimpim's Antique Weapon Shop.
   974 | D:1      | Found Ytioh's Assorted Antiques.
  1245 | D:1      | Reached XP level 3. HP: 15/19 MP: 4/4
  1426 | D:2      | Noticed Sigmund
  1432 | D:2      | Killed from afar by Sigmund

Illustrated notes

Levels and vault maps discovered:
D:1:      heliophobic_arrival_ceremonial_halls, layout_basic,
          chequers_ecumenical_altar_twisty, serial_shops, shop_statue,
          nicolae_shop_statue_plus, minmay_tripent
D:2:      layout_rooms, uniq_sigmund

Skill      XL: |  1  2 |
---------------+-------+-----
Stealth        | 1 2 |  2.4
Fighting       | |  2.6
Short Blades   | |  2.5
Dodging        | |  4.3
Shields        | |  2.3

Action                   || total
-------------------------++-------
Melee: Rapier            ||    52
       Dagger            ||    35
 Stab: Sleeping          ||     5
Armor: Robe              ||    12
Dodge: Dodged            ||    45
Block: Buckler           ||    27

Table legend: (Time is in decaauts)
 A = Elapsed time spent in this place.
 B = Non-inter-level travel time spent in this place.
 C = Inter-level travel time spent in this place.
 D = Time resting spent in this place.
 E = Time spent auto-exploring this place.
 F = Levels seen in this place.
 G = Mean time per level.
                   A        B        C        D        E       F      G
               +--------+--------+--------+--------+--------+-----+--------+
         Total |   1061 |   1044 |     17 |      0 |    879 |   2 |  530.5 |
       Dungeon |   1061 |   1044 |     17 |      0 |    879 |   2 |  530.5 |
               +--------+--------+--------+--------+--------+-----+--------+

Top non-repeatable levels by time:
     D:1: 1056 daAuts
     D:2: 5 daAuts
